Description

zvt

Replay - Maru v Serral: Game 4 - [ESL] Alcyone

Build Order

Get SALT Encoding   

  12  0:00  Drone  
  13  0:11  Overlord  
  13  0:17  Drone  
  14  0:30  Drone x2  
  16  0:47  Hatchery  
  15  0:50  Drone x2  
  17  0:57  Drone  
  18  1:07  Extractor  
  17  1:12  Spawning Pool  
  17  1:15  Drone x2  
  18  1:27  Drone  
  21  1:59  Queen x2  
  21  2:00  Zergling x4  
  27  2:07  Metabolic Boost  
  27  2:10  Overlord  
  27  2:11  Zergling x2  
  28  2:30  Spore Crawler x2  
  28  2:34  Zergling x4  
  31  2:47  Queen  
  33  2:53  Overlord  
  34  3:03  Overlord  
  34  3:07  Queen  
  35  3:15  Zergling x2  
  45  3:44  Hatchery  
  46  3:52  Queen  
  46  3:55  Overlord  
  51  4:13  Queen  
  59  4:30  Queen  
  66  4:40  Zergling x2  
  67  4:50  Zergling x2  
  68  4:52  Queen x2  
  80  5:08  Lair  
  80  5:10  Extractor x2  
  82  5:19  Baneling Nest  
  82  5:20  Hatchery  
  82  5:33  Queen  
  89  5:41  Extractor  
  90  5:42  Evolution Chamber x2  
  90  5:46  Zergling x4  
  93  5:58  Centrifugal Hooks  
  93  6:03  Baneling x7  
  103  6:12  Baneling x3  
  105  6:22  Zerg Melee Weapons Level 1  
  108  6:44  Zerg Ground Armor Level 1  
  107  7:21  Roach Warren  
  112  8:08  Roach x3  
  112  8:12  Hatchery  
  117  8:16  Roach x7  
  115  8:28  Ravager x3  
  137  8:54  Roach Warren  
  135  9:01  Hatchery  
  136  9:04  Zerg Missile Weapons Level 1  
  143  9:24  Zerg Melee Weapons Level 2  
  143  9:35  Glial Reconstitution  
  143  9:37  Hatchery  
Spawning Tool Build Advisor. Get it on Overwolf

Go to:

Details

  • Created by: momopeanut
  • Published on: Mar 10, 2024
  • Modified on: Mar 10, 2024
  • Patch: 5.0.11
  • Difficulty: Hard
Show
View Real Time Build Order
Export as new Build Order

Comments (0)

There are no comments. Be the first!

Create an account to comment!